 Dungeon Crawl Stone Soup version 0.24.0-7-gb3623d2c88 (webtiles) character file.

Game seed: 5769929158788965759, levelgen mode: deterministic

8713 Furryfag69 the Bludgeoner (level 11, -1/124 HPs)
             Began as a Minotaur Berserker on Nov 2, 2019.
             Was a High Priest of Trog.
             Slain by an unseen horror (7 damage)
             ... on level 10 of the Dungeon.
             The game lasted 00:30:24 (11879 turns).

Furryfag69 the Bludgeoner (Minotaur Berserker)     Turns: 11879, Time: 00:30:25

Health: -1/124     AC:  4    Str: 30    XL:     11   Next: 13%
Magic:  10/10      EV: 17    Int:  4    God:    Trog [*****.]
Gold:   649        SH:  0    Dex: 14    Spells: 10/10 levels left

rFire    . . .     SeeInvis .   a - +0 mace
rCold    . . .     Gourm    .   (no shield)
rNeg     . . .     Faith    .   y - +0 troll leather armour
rPois    .         Spirit   .   (helmet restricted)
rElec    .         Reflect  .   (no cloak)
rCorr    .         Harm     .   (no gloves)
MR       +....                  (no boots)
Stlth    ..........             (no amulet)
HPRegen  0.70/turn              q - +4 ring of strength
MPRegen  0.12/turn              j - ring of protection from magic

@: berserking, very quick
A: retaliatory headbutt, horns 2
a: Berserk, Trog's Hand, Brothers in Arms, Renounce Religion


You were on level 10 of the Dungeon.
You worshipped Trog.
Trog was extremely pleased with you.
You were not hungry.

You visited 1 branch of the dungeon, and saw 10 of its levels.
You also visited: Sewer.

You collected 649 gold pieces.

Inventory:

Hand Weapons
 a - a +0 mace (weapon)
 F - a +2 arbalest of freezing
Armour
 y - a +0 troll leather armour (worn)
Jewellery
 j - a ring of protection from magic (right hand)
 q - a +4 ring of strength (left hand)
Wands
 o - a wand of random effects (15)
 u - a wand of polymorph (7)
 A - a wand of paralysis (8)
 E - a wand of disintegration (12)
Scrolls
 b - a scroll of fear
 d - 7 scrolls of remove curse
 h - 4 scrolls of teleportation
 m - a scroll of enchant weapon {unknown}
 p - a scroll of silence {unknown}
 r - a scroll of immolation {unknown}
 v - a scroll of noise {unknown}
 w - a scroll of magic mapping
 z - a scroll of vulnerability {unknown}
 B - a scroll of identify
 C - a scroll of torment {unknown}
 D - a scroll of enchant armour
Potions
 e - a potion of degeneration
 f - a potion of lignification {unknown}
 g - 2 potions of agility
 i - 3 potions of curing
 k - a potion of berserk rage
 l - a potion of heal wounds
 n - 3 potions of brilliance
 s - 2 potions of haste
 t - a potion of flight
 x - 2 potions of ambrosia {unknown}
Comestibles
 c - 5 rations


   Skills:
 - Level 3.8 Fighting
 * Level 15.9 Maces & Flails
 - Level 2.5 Armour
 + Level 8.5 Dodging
 + Level 6.4 Stealth


You had 10 spell levels left.
You didn't know any spells.
Your spell library was empty.

Dungeon Overview and Level Annotations

Branches:
Dungeon (10/15)            Temple (0/1) D:5             Orc (0/2) D:10
  Sewer (visited)
   Lair: D:8-11

Altars:
Dithmenos
Nemelex Xobeh
Qazlal
Sif Muna
Zin

Shops:
D:9 }


Innate Abilities, Weirdness & Mutations

You reflexively headbutt those who attack you in melee.
You have a pair of horns on your head.


Message History

You hit something but do no damage. Something hits you.
Something barely misses you. Something hits you. Something hits you!
Something closely misses you.
You miss something. Something hits you!
* * * LOW HITPOINT WARNING * * *
You closely miss something. Something hits you but does no damage.
Something barely misses you.
A red film seems to cover your vision as you go berserk!
You feel yourself moving faster!
You feel mighty! Something hits you.
* * * LOW HITPOINT WARNING * * *
You sock something! Something hits you!
* * * LOW HITPOINT WARNING * * *
You barely miss something. Your headbutt misses something. Something hits you!
* * * LOW HITPOINT WARNING * * *
You hit something but do no damage. You headbutt something.
Something hits you but does no damage.
You closely miss something. Your headbutt misses something. Something hits you.
* * * LOW HITPOINT WARNING * * *
Something hits you!
You die...

### #. ..# #. #.#
#.### #.##### #
#.#.#####.#...#
#.##...........#@#
.........###.#...#
.##....## #.##.##
#.#.#####.##.#
#.........##.##
###
###.########.##.
..# ##'##
#.%.#.### #.##.#
##...## #.......#
#.##.# ##.....##
#...#.#.#
#.##.####


There were no monsters in sight!

Vanquished Creatures
  Snorg (D:10)
  A two-headed ogre (D:10)
  An unseen horror (D:10)
  4 trolls
  2 hippogriffs
  A vampire (D:9)
  4 yaks (D:10)
  A hungry ghost (D:8)
  A water moccasin (D:10)
  Duvessa (D:5)
  4 sky beasts
  2 ice beasts
  2 phantoms
  4 ogres
  2 centaurs
  A big kobold (Sewer)
  3 bullfrogs
  Dowan (D:5)
  4 scorpions
  13 killer bees
  16 wights
  A howler monkey (D:8)
  4 crimson imps
  A bullfrog zombie (D:8)
  3 centaur zombies
  3 jellies
  2 bullfrog skeletons
  3 hounds
  3 orc priests
  2 iguanas
  5 orc wizards
  5 worker ants
  A hound zombie (D:3)
  A hound skeleton (D:6)
  2 worker ant zombies
  7 adders
  A howler monkey skeleton (D:7)
  4 shadow imps
  An adder zombie (D:8)
  2 adder skeletons (D:4)
  6 worms
  A dart slug (D:2)
  4 leopard geckos
  34 orcs
  3 ball pythons
  8 giant cockroaches
  5 goblins
  7 hobgoblins
  13 jackals
  10 kobolds
  6 quokkas
  5 bats
  5 frilled lizards
  3 quokka skeletons
  9 rats
239 creatures vanquished.

Notes
Turn   | Place    | Note
-------+----------+-------------------------------------------
     0 | D:1      | Furryfag69 the Minotaur Berserker began the quest for the
                  | Orb.
     0 | D:1      | Reached XP level 1. HP: 19/19 MP: 0/0
   182 | D:1      | Reached skill level 4 in Maces & Flails
   211 | D:1      | Reached XP level 2. HP: 27/27 MP: 1/1
   755 | D:2      | Reached ** piety under Trog
   934 | D:2      | Reached XP level 3. HP: 30/33 MP: 2/2
  1025 | D:2      | Reached skill level 5 in Maces & Flails
  1729 | D:3      | Found a stormy altar of Qazlal.
  1754 | D:3      | Reached XP level 4. HP: 31/40 MP: 3/3
  1888 | D:3      | Reached skill level 6 in Maces & Flails
  1957 | D:3      | Found a glowing drain.
  1962 | Sewer    | Entered a sewer
  1975 | Sewer    | Reached *** piety under Trog
  2080 | Sewer    | Reached XP level 5. HP: 23/46 MP: 4/4
  2586 | Sewer    | Reached skill level 7 in Maces & Flails
  3245 | D:4      | Reached XP level 6. HP: 49/52 MP: 5/5
  3346 | D:4      | Reached skill level 8 in Maces & Flails
  3773 | D:4      | Reached skill level 1 in Stealth
  3853 | D:4      | Reached XP level 7. HP: 43/58 MP: 6/6
  3885 | D:4      | Found a sparkling altar of Nemelex Xobeh.
  4423 | D:5      | Entered Level 5 of the Dungeon
  4437 | D:5      | Reached skill level 9 in Maces & Flails
  4545 | D:5      | Found a staircase to the Ecumenical Temple.
  4606 | D:5      | Reached **** piety under Trog
  4689 | D:5      | Reached skill level 10 in Maces & Flails
  5141 | D:5      | Reached XP level 8. HP: 47/66 MP: 7/7
  5190 | D:5      | Noticed Duvessa
  5191 | D:5      | Noticed Dowan
  5242 | D:5      | Killed Duvessa
  5242 | D:5      | Reached skill level 11 in Maces & Flails
  5245 | D:5      | Killed Dowan
  6160 | D:6      | Found a glowing silver altar of Zin.
  6475 | D:7      | Reached skill level 5 in Dodging
  6483 | D:7      | Noticed a hippogriff
  6495 | D:7      | Killed a hippogriff
  6495 | D:7      | Reached skill level 12 in Maces & Flails
  6735 | D:7      | Reached XP level 9. HP: 71/71 MP: 8/8
  7466 | D:7      | Reached skill level 13 in Maces & Flails
  8182 | D:8      | Found a shadowy altar of Dithmenos.
  8961 | D:8      | Reached skill level 14 in Maces & Flails
  9347 | D:9      | Found a shimmering blue altar of Sif Muna.
  9347 | D:9      | Noticed a troll
  9360 | D:9      | Killed a troll
  9360 | D:9      | Reached XP level 10. HP: 78/78 MP: 9/9
  9867 | D:9      | Found Wepteugy's Gadget Emporium.
 10215 | D:9      | Reached ***** piety under Trog
 10289 | D:10     | Entered Level 10 of the Dungeon
 10406 | D:10     | Reached skill level 5 in Stealth
 10440 | D:10     | Reached skill level 15 in Maces & Flails
 10548 | D:10     | Found a staircase to the Orcish Mines.
 10696 | D:10     | Noticed a two-headed ogre
 10707 | D:10     | Killed a two-headed ogre
 10932 | D:10     | Received a gift from Trog
 11296 | D:10     | Killed an unseen horror
 11296 | D:10     | Reached XP level 11. HP: 12/83 MP: 10/10
 11545 | D:10     | Noticed Snorg
 11565 | D:10     | Killed Snorg
 11878 | D:10     | HP: 6/124 [something (3)]
 11879 | D:10     | Slain by an unseen horror

Levels and vault maps discovered:
D:1:      kennysheep_arrival_forest, layout_basic,
          chequers_serial_rivers_micro_c, fountainhead, hex_tiny
D:2:      layout_basic
D:3:      layout_basic, gup_sewer_entry_bowl, grunt_qazlal_sundering
D:4:      layout_gridville, nemelex_diamond_rough_becter
D:5:      layout_gridville, minmay_temple_entry_sparse_star, first_ration,
          uniq_duvessa
D:6:      layout_basic, lemuel_crystal_altar, minmay_misc_feat_four_crosses
D:7:      layout_loops_ring, kennysheep_generic_room_13
D:8:      layout_loops_ring, nicolae_overflow_hidden_temple
D:9:      layout_basic, serial_shops, nicolae_shop_behind_doors, basic_altar
D:10:     layout_loops_corners, orc_0_dummy, uniq_snorg

Skill      XL: |  1  2  3  4  5  6  7  8  9 10 |
---------------+-------------------------------+-----
Maces & Flails | 4 5 6 7 8 10 12 14 15 | 15.9
Dodging        | 3 4 5 6 8 |  8.5
Stealth        | 1 2 4 6 |  6.4
Fighting       | |  3.8
Armour         | |  2.5

Action                   |  1- 3 |  4- 6 |  7- 9 | 10-12 || total
-------------------------+-------+-------+-------+-------++-------
Melee: Mace              |    78 |   141 |   313 |   187 ||   719
       Headbutt          |    13 |    24 |    67 |    49 ||   153
Invok: Berserk           |     2 |     2 |     7 |     6 ||    17
  Use: Potion            |       |     1 |     4 |     1 ||     6
       Scroll            |       |    10 |     6 |     1 ||    17
 Stab: Sleeping          |       |       |    13 |     4 ||    17
  Eat: Chunk             |     3 |     2 |     2 |       ||     7
       Ration            |       |     3 |     7 |     4 ||    14
Armor: Animal skin       |    20 |    18 |    27 |       ||    65
       Troll leather arm |       |       |       |    34 ||    34
Dodge: Dodged            |    73 |   104 |   192 |   105 ||   474
